 Dungeon Crawl Stone Soup version 0.17.1-2-g5865329 (webtiles) character file.

76 kaze the Ruffian (level 4, 0/45 HPs)
             Began as a Troll Berserker on Feb 11, 2016.
             Was a Believer of Trog.
             Killed from afar by Natasha (2 damage)
             ... with a magic dart
             ... on level 2 of the Dungeon.
             The game lasted 00:04:06 (949 turns).

kaze the Ruffian (Troll Berserker)                   Turns: 949, Time: 00:04:06

Health: 0/45       AC:  5    Str: 26    XL:     4   Next: 12%
Magic:  3/3        EV: 10    Int:  3    God:    Trog [**....]
Gold:   150        SH:  0    Dex:  9    Spells: 0 memorised, 3 levels left

rFire  . . .     SeeInvis .     k - +0 mace
rCold  . . .     Clarity  .     a - +0 animal skin
rNeg   . . .     SustAt   .     (no shield)
rPois  .         Gourm    +     (helmet restricted)
rElec  .         Spirit   .     (no cloak)
rCorr  .         Warding  .     (gloves unavailable)
rMut   .         Stasis   .     (boots unavailable)
MR     .....                    (no amulet)
Stlth  +.........               (no ring)
                                (no ring)

@: slowed, very slow, not resistant to hostile enchantments, very unstealthy
A: unfitting armour, claws 3, fast metabolism 3, gourmand, regeneration 2,
shaggy fur 1, tough skin 2
a: Berserk, Trog's Hand, Burn Spellbooks, Renounce Religion


You were on level 2 of the Dungeon.
You worshipped Trog.
Trog was pleased with you.
You were not hungry.

You visited 1 branch of the dungeon, and saw 2 of its levels.

You collected 150 gold pieces.

Inventory:

Hand Weapons
 k - a +0 mace (weapon)
Armour
 a - a +0 animal skin (worn)
Scrolls
 c - 5 scrolls of identify {unknown}
 g - 2 scrolls of teleportation {unknown}
 h - 2 scrolls of remove curse {unknown}
 i - a scroll of noise {unknown}
 j - a scroll of fog {unknown}
Potions
 e - 2 potions of mutation {unknown}
Comestibles
 b - 3 bread rations
 d - a meat ration
 f - a chunk of flesh


   Skills:
 + Level 3.1 Fighting
 + Level 2.9 Dodging
 - Level 0.2 Stealth
 + Level 3.8 Unarmed Combat


You had 3 spell levels left.
You didn't know any spells.

Dungeon Overview and Level Annotations

Branches:
Dungeon (2/15)

Altars:

Annotations:
D:2 Natasha


Innate Abilities, Weirdness & Mutations

You are too large for most types of armour.
You have claws for hands.
Your metabolism is lightning-fast.
You like to eat raw meat.
You heal very quickly.
You are covered in fur (AC +1).
You have very tough skin (AC +2).


Message History

Some of the chunks of flesh in your inventory have rotted away.
You closely miss the shadow imp.
The shadow imp disappears in a puff of smoke!
Natasha stares at you and mumbles some strange words.
The magic dart hits you!
* * * LOW HITPOINT WARNING * * *
The crimson imp hits you.
* * * LOW HITPOINT WARNING * * *
Natasha hisses.
Natasha casts a spell at you. The magic dart hits you!
* * * LOW HITPOINT WARNING * * *
The crimson imp blinks!
Natasha mumbles some strange words.
Natasha's fingertips start to glow.
Natasha stares at you and mumbles some strange words.
You resist with some effort.
Natasha stares at you and mumbles some strange words.
The magic dart hits you!
You die...

###### #....## ####
#.....############... ###
#....................
##..##.....#..............
#.?..#####................
#....5..####..........#...
#.....h..###..........####
##..###..@.#........÷...##
## ##..............#.##
#####..........#..)
##........##...
##...>........
##......##..) #...........
#........... #........†).


You could see Natasha and a crimson imp.

Vanquished Creatures
  2 adders (D:2)
  2 oozes
  3 worms (D:2)
  2 giant geckos (D:1)
  2 bats (D:2)
  A giant cockroach (D:2)
  6 goblins
  6 hobgoblins
  3 kobolds
  A ball python (D:1)
  4 giant newts
  2 jackals (D:1)
  5 rats
39 creatures vanquished.

Vanquished Creatures (others)
  4 toadstools (D:1)
4 creatures vanquished.

Grand Total: 43 creatures vanquished

Notes
Turn   | Place    | Note
--------------------------------------------------------------
     0 | D:1      | kaze the Troll Berserker began the quest for the Orb.
     0 | D:1      | Reached XP level 1. HP: 22/22 MP: 0/0
   120 | D:1      | Reached XP level 2. HP: 29/29 MP: 1/1
   436 | D:1      | Reached ** piety under Trog
   628 | D:2      | Reached XP level 3. HP: 32/36 MP: 2/2
   827 | D:2      | Reached XP level 4. HP: 42/45 MP: 3/3
   937 | D:2      | Noticed Natasha
   947 | D:2      | HP: 1/45 [Natasha/magic dart (7)]
   949 | D:2      | Killed from afar by Natasha

Action                   |  1- 3 |  4- 6 || total
-------------------------+-------+-------++-------
Melee: Unarmed           |    87 |       ||    87
       Mace              |    12 |    18 ||    30
  Eat: Chunk             |    10 |       ||    10
